 Dungeon Crawl Stone Soup version 0.25.1-2-g60ff931df9 (webtiles) character file.

Game seed: 3277101120034771706

127 KamiKatze the Shield-Bearer (level 4, -8/38 HPs)
             Began as a Demigod Fighter on Nov 13, 2020.
             Mangled by an ogre
             ... wielding a +0 giant club
              (13 damage)
             ... on level 3 of the Dungeon.
             The game lasted 00:08:07 (2302 turns).

KamiKatze the Shield-Bearer (Demigod Fighter)       Turns: 2302, Time: 00:08:07

Health: -8/38      AC: 11    Str: 21    XL:     4   Next: 56%
Magic:  6/6        EV:  8    Int: 12    God:
Gold:   173        SH:  9    Dex: 15    Spells: 3/3 levels left

rFire    . . .     SeeInvis .   a - +0 war axe
rCold    . . .     Gourm    .   c - +0 kite shield
rNeg     . . .     Faith    .   b - +0 scale mail
rPois    .         Spirit   .   (no helmet)
rElec    .         Reflect  .   (no cloak)
rCorr    .         Harm     .   A - +2 pair of gloves
MR       .....                  B - +0 pair of boots
Stlth    ..........             (no amulet)
HPRegen  0.12/turn              (no ring)
MPRegen  0.10/turn              (no ring)

@: no status effects
A: high mp 1
a: no special abilities


You were on level 3 of the Dungeon.
You were hungry.

You visited 1 branch of the dungeon, and saw 3 of its levels.

You collected 173 gold pieces.

Inventory:

Hand Weapons
 a - a +0 war axe (weapon)
 s - a +0 hand axe
 z - a +0 flail
Missiles
 g - 2 atropa-tipped darts
 k - 6 poisoned darts (quivered)
 q - 53 stones
Armour
 b - a +0 scale mail (worn)
 c - a +0 kite shield (worn)
 y - a +0 tower shield
 A - a +2 pair of gloves (worn)
 B - a +0 pair of boots (worn)
 C - a +0 chain mail
Jewellery
 r - an uncursed amulet of magic regeneration {unknown}
Wands
 p - a wand of clouds (6)
Scrolls
 e - a scroll of fear {unknown}
 l - a scroll of remove curse {unknown}
 m - 2 scrolls of magic mapping {unknown}
 n - 4 scrolls of teleportation {unknown}
 t - a scroll of identify {unknown}
 u - a scroll of noise {unknown}
 w - a scroll of fog {unknown}
Potions
 d - a potion of might
 h - 2 potions of curing {unknown}
 i - 2 potions of degeneration {unknown}
 j - 2 potions of heal wounds {unknown}
 o - a potion of lignification {unknown}
 v - a potion of mutation {unknown}
Comestibles
 f - 5 rations


   Skills:
 + Level 3.2 Fighting
 * Level 3.0 Axes
 + Level 3.1 Armour
 + Level 1.4 Dodging
 + Level 3.2 Shields


You had 3 spell levels left.
You didn't know any spells.
Your spell library was empty.

Dungeon Overview and Level Annotations

Branches:
Dungeon (3/15)


Innate Abilities, Weirdness & Mutations

You have an increased reservoir of magic. (+10% MP)


Message History

The ogre shouts!
You hear a shout!
There is a stone staircase leading up here.
Unknown command.
a - a +0 war axe (weapon)
You block the ogre's attack.
Your shield prevents you from hitting the ogre.
The ogre hits you with a +0 giant club!
You barely miss the ogre. You block the ogre's attack.
You slash the ogre!
The ogre is heavily wounded.
The ogre hits you with a +0 giant club!
* * * LOW HITPOINT WARNING * * *
You slash the ogre!
The ogre is severely wounded.
The ogre hits you with a +0 giant club!
* * * LOW HITPOINT WARNING * * *
You hit the ogre.
The ogre is almost dead.
You closely miss the goblin. The ogre hits you with a +0 giant club!
You die...

.# ##.....##?##...........##...##
.######....###.........######....
###.........#..........# ##..##
#...###................#####...##
#.### #..........................
..# #.....^..........#####....#
..#####..........................
................O.....##.....รท...
.####...##......@g.............).
.#....#########.###..............
##.############........#...####..
..................########## ##.
..)##############...#### # ####
###....#### ## ##......#
.###################......#
..........................#


You could see an ogre and a goblin.

Vanquished Creatures
  An orc priest (D:2)
  A worker ant (D:2)
  An adder (D:2)
  A worm (D:3)
  2 dart slugs (D:1)
  A leopard gecko (D:1)
  3 orcs
  A ball python (D:3)
  4 bats
  3 giant cockroaches
  10 hobgoblins
  3 jackals (D:2)
  5 kobolds
  3 frilled lizards
  7 goblins
  5 rats
51 creatures vanquished.

Notes
Turn   | Place    | Note
-------+----------+-------------------------------------------
     0 | D:1      | KamiKatze the Demigod Fighter began the quest for the Orb.
     0 | D:1      | Reached XP level 1. HP: 18/18 MP: 3/3
   417 | D:1      | Reached XP level 2. HP: 25/25 MP: 4/4
   830 | D:2      | Reached XP level 3. HP: 26/31 MP: 5/5
  1018 | D:2      | Reached skill level 1 in Dodging
  1146 | D:2      | Found an iron altar of Okawaru.
  1360 | D:2      | Found a faded altar of an unknown god.
  1626 | D:3      | Noticed an ogre
  1724 | D:2      | Reached XP level 4. HP: 17/38 MP: 6/6
  2302 | D:3      | Mangled by an ogre

Illustrated notes

Levels and vault maps discovered:
D:1:      lemuel_arrival_broad_hall, layout_loops_corners,
          corexii_leaking_fountain
D:2:      layout_loops_ring, okawaru_trees_2, chequers_ecumenical_altar_grove
D:3:      layout_rooms, hangedman_decor_diamond_cutter,
          minmay_fractal_squares_gapless_5

Skill      XL: |  1  2  3  4 |
---------------+-------------+-----
Axes           | 2 3 |  3.0
Fighting       | 3 |  3.2
Shields        | 3 |  3.2
Armour         | 3 |  3.1
Dodging        | 1 |  1.4

Action                   |  1- 3 |  4- 6 || total
-------------------------+-------+-------++-------
Melee: War axe           |    66 |     5 ||    71
       Hand axe          |    24 |    50 ||    74
Throw: Dart              |     6 |     4 ||    10
  Eat: Chunk             |     3 |     1 ||     4
Armor: Scale mail        |    33 |    17 ||    50
Dodge: Dodged            |    18 |    25 ||    43
Block: Kite shield       |    41 |    30 ||    71
